 BcadrenCrawl: Boulder Brew version 0.04.2-10-g17648f679b (webtiles) character file.

Game seed: 9859721572472139181, levelgen mode: deterministic

212 gruber the Skirmisher (level 5, -3/47 HPs) Centaur Demonspawn. Began on May 2, 2021. Slain by a water moccasin (5 damage) ... on level 2 of the Dungeon. The game lasted 00:02:41 (812 turns).

gruber the Skirmisher (Centaur Demonspawn)           Turns: 812, Time: 00:02:41

Health: -3/47      AC:  5    Str: 20    XL:     5 ^: 77
Magic:  7/7        EV: 10    Int: 12    God:
Gold:   88         SH:  0    Dex: 10    Spells: 5/6 levels left

rFire    . . .     Vision   .   a - +0 trident
rCold    . . .     Gourm    .   (no weapon)
rNeg     . . .     Faith    .   l - +0 troll leather {Purgy}
rPois    .         Spirit   .   (no helmet)
rElec    .         Reflect  .   (no cloak)
rCorr    .         Harm     .   (no gloves)
MR       .....                  (no barding)
Stlth    +.........             (no amulet)
HPRegen  0.65/turn              (no ring)
MPRegen  0.17/turn              (no ring)

@: lethally poisoned (-3 -> -31), very quick
A: large, hooves 3, thin skeletal structure 1, deformed body, speed 2, powered
by pain 1, tough skin 3
a: no special abilities


You were on level 2 of the Dungeon.
You were not hungry.

You visited 1 branch of the dungeon, and saw 2 of its levels.

You collected 88 gold pieces.

Inventory:

Weapons
 a - a +0 trident (weapon) Shields
 k - a +0 heater shield of positive energy
Armour
 l - a +0 troll leather (worn) {Purgy}
Jewellery
 g - a cursed ring of ice {(Curse: MR-)}
 h - a cursed ring of fire {(Curse: Int-3)}
 i - a cursed ring of slaying {(Curse: *Corrode)}
Scrolls
 j - 2 scrolls of magic mapping
Potions
 c - 4 potions of curing
 e - a potion of cancellation
Comestibles
 d - 3 rations


   Skills:
 * Level 4.6 Fighting
 - Level 1.7 Polearms
 - Level 2.1 Dodging
 - Level 1.1 Stealth
 - Level 1.0 Spellcasting
 - Level 1.7 Fire Magic
   Level 2.6 Invocations


You had 5 spell levels left.
You knew the following spells:

 Your Spells              Type           Power        Failure   Level  Hunger
a - Flame Tongue          Fire           4 (30)       16%         1    ##.....

Your spell library contained the following spells:

 Spells                   Type           Power        Failure   Level  Hunger
 Blink                    Tloc           N/A          43%         2    ###....
 Call Imp                 Summ           0 (100)      43%         2    ###....
 Slow                     Hex            0 (100)      43%         2    ###....
 Conjure Flame            Fire           4 (100)      43%         3    ####...
 Mephitic Cloud           Pois/Air       0 (100)      67%         3    ####...


Dungeon Overview and Level Annotations

Branches:
Dungeon (2/8)

Altars:


Innate Abilities, Weirdness & Mutations

You have hooves in place of feet.
You have a somewhat thin skeletal structure. (Dex +2, Stealth)
Armour fits poorly on your strangely shaped body.
You cover ground very quickly.
You sometimes gain a little power by taking damage.
You have extremely tough skin. (AC +3)


Message History

The water moccasin bites you but does no damage.
The water moccasin bites you (4).
* * * LOW HITPOINT WARNING * * *
You are more poisoned.
The water moccasin poisons you (14)! The water moccasin blocks your attack.
You miss the water moccasin.
* * * LOW HITPOINT WARNING * * *
You feel very sick. (4)
The water moccasin closely misses you (0).
The water moccasin bites you (3).
* * * LOW HITPOINT WARNING * * *
You are more poisoned.
The water moccasin poisons you (16)!
Unknown command.
Unknown command.
You closely miss the water moccasin. You barely miss the water moccasin.
* * * LOW HITPOINT WARNING * * *
You feel very sick. (4)
The water moccasin bites you (5).
You die...

# #≈≈P≈P.≈ # ≈#≈P≈≈P..
## ..PP≈P≈.< .#
#≈≈≈...# .# #≈≈..≈≈#
.## #≈≈.≈≈≈## .≈####
#≈≈≈≈≈≈≈## ≈##
≈.≈#≈###
#≈≈≈≈≈S.≈#..≈.#
#.≈.≈≈≈###≈≈≈≈≈.@.≈..#
###≈#..≈##≈≈≈≈≈.##≈.≈#
###≈..##≈≈≈≈..# ####
###≈.#≈≈≈≈≈.# ≈.
#...≈≈≈≈≈≈#.≈..
##.#.≈≈;≈≈≈≈#
#≈≈≈≈†≈≈≈###
##########


You could see a water moccasin and a neutral slimehead (wandering) (passive).

Vanquished Creatures
  Purgy (D:2)
  A jelly (D:2)
  2 giant cockroaches
  2 cinder newts (D:1)
  2 dart slugs (D:1)
  5 leopard geckos (D:1)
  A cinder newt skeleton (D:2)
  3 goblins (D:1)
  2 hobgoblins (D:1)
  3 ball pythons (D:1)
  5 bats (D:1)
  3 kobolds (D:1)
  5 rats (D:1)
35 creatures vanquished.

Vanquished Creatures (others)
  13 withered plants (D:2)
13 creatures vanquished.

Grand Total: 48 creatures vanquished

Notes
Turn   | Place    | Note
-------+----------+-------------------------------------------
     0 | D:1      | gruber the Centaur Demonspawn began the quest for the Orb.
     0 | D:1      | Reached XP level 1. HP: 15/15 MP: 2/2
     3 | D:1      | Reached skill level 1 in Fighting
    28 | D:1      | Gained mutation: You have a somewhat thin skeletal
                  | structure. (Dex +2, Stealth) [demonic ancestry]
    28 | D:1      | Reached XP level 2. HP: 24/24 MP: 4/4
    55 | D:1      | Reached skill level 2 in Fighting
   126 | D:1      | Gained mutation: You sometimes gain a little power by
                  | taking damage. [demonic ancestry]
   126 | D:1      | Reached XP level 3. HP: 30/30 MP: 5/5
   212 | D:1      | Reached skill level 3 in Fighting
   620 | D:2      | Noticed a water moccasin
   713 | D:2      | Noticed Purgy
   721 | D:2      | Killed Purgy
   721 | D:2      | Reached skill level 4 in Fighting
   721 | D:2      | Reached XP level 4. HP: 20/41 MP: 6/6
   721 | D:2      | Reached XP level 5. HP: 23/47 MP: 7/7
   793 | D:2      | Noticed a water moccasin
   812 | D:2      | HP: 2/47 [poisoned by a water moccasin]
   812 | D:2      | Slain by a water moccasin

Levels and vault maps discovered:
D:1:      dpeg_arrival_tiny_i, layout_cave_pools, minivault_11,
          serial_park_tiny_2
D:2:      layout_sewer, elyvilon_niche, minmay_quadrilaterals, uniq_pikel,
          uniq_purgy

Skill      XL: |  1  2  3 |
---------------+----------+-----
Fighting       | 1 2 4 |  4.6
Polearms       | |  1.7
Dodging        | |  2.1
Stealth        | |  1.1
Spellcasting   | |  1.0
Fire Magic     | |  1.7
Invocations    | |  2.6

Action                   |  1- 3 |  4- 6 || total
-------------------------+-------+-------++-------
Melee: Trident           |    71 |    17 ||    88
       Unarmed           |    27 |    14 ||    41
       Kick              |     4 |     1 ||     5
  Use: Potion            |       |     1 ||     1
 Stab: Sleeping          |     2 |     1 ||     3
Armor: Leather armour    |    21 |       ||    21
       Troll leather     |       |     9 ||     9
Dodge: Dodged            |    49 |     4 ||    53
